Description

This is a one base all-in that Neeb did vs TY in the GSL season 3 semifinals.

The idea behind is simple, stay on one base and keep pressure on, deny the natural by either forcing a cancel or at least a lift-off. Go into a proxy robo, get a warp prism so your stalkers can hit multiple places and also have high ground vision, then observer to help against widowmines, or maybe even clocked banshees (Neeb also made a shield battery in the mineral line just to be safe) and then an immortal to finish off the wall/cyclones. Neeb also warped in 3 zealots at the end just to tank the cyclone shots better (especially with the guardian shield).

TY probably didn't expect a proxy on this 4 player map, and he also didn't do one himself.

VOD

https://www.twitch.tv/videos/306142088?t=00h59m53s

Build Order

Get SALT Encoding   

  14  0:18  Pylon  if proxy near terran, send build probe, if proxy in center of map you can send it at 0:26
  15  0:36  Gateway  
  17  0:51  Pylon  at proxy location
  18  0:59  Assimilator  
  19  1:12  Gateway  at proxy location
  20  1:18  Scout  with proxy probe, delay terran natural if possible
  20  1:25  Cybernetics Core  
  23  1:40  Assimilator  
  27  2:00  Stalker x2 (Chrono Boost)  as soon as cyber core is done, from proxy gateway and then from home gateway once you get the gas for it
  27  2:16  Warp Gate  as soon as enough gas
  29  2:25  Stalker  
  31  2:34  Pylon  
  31  2:53  Stalker  continue getting stalkers
  36  2:59  Pylon  neeb puts it at a location closer to the terran so he can make a proxy robo, that might not be necessary
  36  3:03  Adept  probably for highground vision
  34  3:20  Robotics Facility  at proxy
  34  3:22  Gateway  at proxy (might not be necessary to put it there, warp gate almost done)
  38  3:46  Pylon  
  36  4:08  Warp Prism  as soon as robo finishes
  40  4:20  Gateway  at home, neeb also gets a shield battery in his mineral line around this time just to be safer
  40  4:27  Stalker x2  just keep warping in stalkers, not necesarilly exact numbers here
  42  4:37  Observer  attack as soon as the warp prism is done, get stalkers in the main with it
  45  4:57  Immortal  just to make sure you can handle cyclones
  49  5:02  Sentry  for guardian shield during final attack
Spawning Tool Build Advisor. Get it on Overwolf

Go to:

Details

  • Created by: dude215p
  • Published on: Sep 05, 2018
  • Modified on: Sep 06, 2018
  • Patch: 4.0.0
Show
View Real Time Build Order
Export as new Build Order

Comments (1)

On Sept. 11, 2018, 2:58 p.m., defer  said:

When is the first Zealot created?

Create an account to comment!